Map: Echo LE (Void)

Players

Mauler

  • Race: Terran Terran
  • Spawn Location: 11:00

A.I. 2 (Elite) - Winner!

  • Race: Zerg Zerg
  • Spawn Location: 5:00

VOD

Have the link to the VOD?

Description

Time

  • Played on: Jan. 1, 2017, 12:12 p.m.
  • Length: 10:41
Show
View Real Time Build Order
Export as new Build Order

Mauler Terran 

Build Orders: Hellion Opening, Reaper Expand, Bio Mine 

Get SALT Encoding   

  12  0:01  SCV  
  13  0:13  SCV  
  14  0:17  Supply Depot  
  14  0:25  SCV  
  14  0:28  Refinery  
  15  0:39  SCV  
  16  0:47  Barracks  
  16  0:54  SCV  
  17  1:06  SCV  
  18  1:18  SCV  
  19  1:34  Reaper  
  19  1:35  Orbital Command  
  20  1:48  Command Center  
  20  2:00  Factory  
  20  2:03  SCV  
  21  2:08  Barracks Reactor  
  21  2:14  Supply Depot  
  21  2:17  SCV  
  22  2:23  Refinery  
  22  2:29  SCV  
  23  2:41  SCV  
  24  2:52  Starport  
  24  2:53  SCV  
  24  2:56  Hellion x2  
  29  2:59  Barracks Tech Lab  
  30  3:05  SCV  
  30  3:06  Orbital Command  
  30  3:17  SCV  
  31  3:25  Hellion x2  
  35  3:29  SCV  
  35  3:32  SCV  
  37  3:37  Supply Depot, Raven  
  37  3:41  Barracks Reactor  
  39  3:42  SCV  
  39  3:44  SCV  
  41  3:54  SCV  
  41  3:55  Hellion x2  
  46  3:58  SCV  
  46  4:00  Supply Depot  
  47  4:06  SCV  
  48  4:10  SCV  
  49  4:18  SCV  
  50  4:28  SCV  
  50  4:29  Barracks, Refinery  
  50  4:30  SCV  
  52  4:32  Stimpack, Barracks  
  52  4:33  Engineering Bay, Factory Reactor  
  52  4:36  Starport Reactor  
  52  4:38  Supply Depot  
  52  4:40  Supply Depot, SCV  
  52  4:42  SCV, Marine  
  55  4:52  SCV  
  56  4:54  SCV  
  57  5:00  Marine  
  57  5:03  Supply Depot, Terran Infantry Weapons Level 1  
  57  5:05  SCV  
  57  5:06  SCV  
  60  5:10  Command Center  
  60  5:20  Widow Mine x2  
  60  5:21  Marine x5  
  69  5:29  Medivac x2  
  69  5:32  Supply Depot  
  73  5:39  Marine x2  
  73  5:40  SCV  
  73  5:42  Marine x2  
  78  5:43  Refinery  
  78  5:53  Widow Mine x2, Barracks, Marine  
  78  5:55  Barracks  
  83  5:57  Supply Depot  
  83  5:58  SCV  
  83  6:00  SCV  
  85  6:08  Engineering Bay, Armory  
  85  6:11  Marine  
  86  6:19  SCV x2, Marine x3  
  86  6:20  Supply Depot  
  86  6:23  Supply Depot  
  91  6:29  Orbital Command  
  91  6:31  Marine  
  92  6:36  Medivac x2  
  92  6:38  Marine x4  
  100  6:42  SCV, Barracks Reactor x2  
  101  6:48  Orbital Command, SCV  
  101  6:51  Widow Mine x2  
  106  6:54  SCV  
  106  6:55  Supply Depot  
  106  7:00  SCV  
  108  7:03  Terran Infantry Weapons Level 2  
  108  7:06  SCV  
  109  7:19  Marine  
  109  7:20  Marine x7  
  109  7:21  Marine  
  118  7:23  Terran Infantry Armor Level 1  
  118  7:28  SCV x3  
  121  7:33  Supply Depot  
  121  7:34  Combat Shields  
  115  7:37  Marine  
  115  7:40  SCV x2  
  115  7:41  SCV  
  115  7:43  Marine  
  108  7:46  Marine  
  108  7:47  Marine x4  
  100  7:52  Medivac x2  
  100  7:53  SCV  
  100  7:55  Widow Mine x2  
  107  8:02  SCV  
  107  8:04  Refinery  
  108  8:06  SCV, Factory  
  109  8:15  SCV  
  109  8:16  Marine x8  
  109  8:17  Marine  
  119  8:21  Supply Depot x2  
  119  8:22  Liberator x2  
  119  8:24  SCV  
  120  8:29  Widow Mine x2  
  128  8:37  Marine x6  
  128  8:38  Marine x2  
  138  8:41  Supply Depot  
  138  8:42  Supply Depot  
  138  8:51  Factory Tech Lab  
  138  8:57  Marine x3  
  138  8:58  Widow Mine x2, Marauder  
  147  9:05  Command Center  
  147  9:09  Marine x5  
  152  9:15  Drilling Claws, Marine x3  
  152  9:16  Widow Mine  
  157  9:19  Supply Depot, Marauder  
  159  9:24  Supply Depot  
  159  9:26  Widow Mine  
  159  9:27  Marine x2  
  164  9:32  Marine  
  166  9:40  Marauder  
  164  9:47  Marine x5  
  164  9:48  Marine  
  164  9:50  Marine  
  160  9:53  Marine  
  158  10:02  Marauder  
  158  10:04  Marine  
  158  10:05  Marine  
  162  10:12  Marine x5  
  179  10:22  Refinery  
  179  10:26  Refinery  
Show
View Real Time Build Order
Export as new Build Order

A.I. 2 (Elite) Zerg - Winner!

Build Orders: Pool First 

Get SALT Encoding   

  12  0:00  Drone  
  13  0:12  Overlord  
  13  0:16  Drone  
  14  0:30  Drone x2  
  16  0:42  Spawning Pool  
  15  0:44  Drone  
  15  0:48  Drone  
  17  1:13  Hatchery, Drone  
  17  1:17  Extractor, Drone  
  17  1:20  Drone  
  18  1:28  Drone  
  19  1:38  Overlord  
  19  1:46  Queen  
  21  1:49  Drone  
  22  2:00  Zergling x2  
  23  2:10  Drone  
  23  2:21  Queen, Drone  
  26  2:25  Drone  
  26  2:26  Roach Warren  
  25  2:32  Drone  
  26  2:37  Drone  
  26  2:40  Extractor  
  26  2:43  Drone  
  27  2:50  Overlord  
  27  2:53  Drone  
  27  2:56  Drone  
  30  2:58  Drone  
  30  3:01  Drone  
  30  3:03  Drone  
  32  3:07  Zergling x2  
  32  3:11  Zergling x2  
  34  3:17  Roach  
  34  3:19  Roach  
  38  3:24  Roach  
  38  3:26  Roach  
  42  3:29  Zergling x2  
  42  3:31  Drone  
  43  3:40  Lair  
  43  3:46  Spore Crawler  
  42  3:51  Spore Crawler  
  41  3:56  Queen  
  43  4:12  Overlord  
  43  4:17  Metabolic Boost  
  43  4:30  Drone x3  
  43  4:31  Drone x5  
  51  4:40  Overlord  
  51  4:47  Overlord, Overseer  
  51  4:55  Evolution Chamber  
  51  4:56  Drone  
  51  4:58  Drone x4  
  55  5:00  Evolution Chamber, Drone  
  55  5:08  Hydralisk Den  
  55  5:10  Drone  
  55  5:12  Drone  
  56  5:15  Drone  
  56  5:16  Drone  
  56  5:18  Drone  
  59  5:22  Overlord  
  59  5:24  Drone  
  59  5:25  Drone  
  59  5:27  Drone  
  62  5:29  Drone  
  62  5:31  Drone  
  62  5:32  Drone  
  65  5:36  Hydralisk  
  65  5:39  Hydralisk  
  65  5:40  Roach  
  65  5:41  Overlord  
  68  5:44  Hydralisk  
  68  5:46  Zergling x2  
  68  5:47  Zergling x2  
  70  5:50  Hydralisk  
  70  5:53  Roach  
  74  5:59  Hydralisk, Roach  
  74  6:00  Overlord  
  74  6:03  Roach  
  80  6:06  Hydralisk  
  82  6:15  Zerg Missile Weapons Level 1, Zerg Ground Armor Level 1, Ravager  
  83  6:18  Overlord  
  83  6:19  Roach  
  83  6:22  Ravager  
  83  6:23  Extractor  
  85  6:27  Hatchery  
  85  6:29  Roach  
  86  6:40  Extractor  
  86  6:41  Drone  
  86  6:46  Overlord, Drone x3  
  89  6:54  Lurker Den  
  89  7:03  Drone x2  
  89  7:07  Spine Crawler  
  89  7:08  Drone  
  91  7:09  Roach  
  91  7:10  Overlord, Roach  
  91  7:14  Hydralisk  
  97  7:19  Hydralisk  
  99  7:23  Drone, Spine Crawler  
  99  7:29  Glial Reconstitution  
  99  7:33  Zergling x2  
  99  7:34  Baneling Nest, Zergling x2  
  96  7:40  Drone x3  
  96  7:41  Roach, Drone x3  
  96  7:42  Roach, Drone x3  
  93  7:44  Drone  
  93  7:45  Drone  
  93  7:49  Drone  
  83  7:52  Roach  
  83  7:53  Hydralisk  
  83  7:56  Drone  
  83  7:58  Drone  
  89  8:00  Drone  
  89  8:01  Extractor, Drone  
  89  8:03  Drone  
  91  8:06  Drone  
  91  8:10  Hydralisk, Drone  
  91  8:11  Roach, Drone  
  98  8:14  Drone  
  98  8:17  Drone  
  98  8:19  Baneling  
  100  8:21  Zergling x2  
  100  8:23  Drone x2  
  100  8:24  Roach, Hydralisk Den  
  100  8:25  Drone  
  105  8:29  Drone  
  105  8:32  Overlord  
  106  8:36  Roach, Ravager, Lurker  
  106  8:39  Roach  
  112  8:42  Roach  
  112  8:43  Hydralisk x2  
  118  8:48  Lurker  
  118  8:50  Overlord, Extractor  
  118  8:52  Hydralisk  
  118  8:54  Roach  
  122  8:56  Hatchery, Roach  
  122  8:59  Hydralisk  
  125  9:03  Hydralisk  
  125  9:09  Overlord  
  127  9:12  Drone  
  127  9:13  Spore Crawler  
  127  9:16  Spore Crawler, Drone  
  127  9:18  Queen  
  129  9:25  Pneumatized Carapace  
  129  9:26  Spine Crawler  
  128  9:38  Overlord  
  128  9:43  Zergling x2  
  128  9:44  Roach, Zergling x2  
  121  9:45  Roach  
  121  9:47  Roach  
  121  9:48  Roach  
  121  9:49  Hydralisk, Spine Crawler, Drone, Zergling x2  
  121  9:51  Spine Crawler  
  121  9:52  Drone  
  90  9:54  Hydralisk  
  90  9:57  Hydralisk  
  94  10:00  Hydralisk  
  94  10:02  Roach, Baneling, Zergling x2  
  94  10:04  Roach  
  94  10:05  Roach  
  103  10:07  Roach  
  103  10:08  Drone  
  103  10:09  Drone x3  
  103  10:10  Baneling  
  103  10:11  Baneling  
  103  10:12  Drone  
  104  10:16  Hydralisk x2, Zergling x2  
  104  10:17  Drone, Zergling x2  
  111  10:23  Baneling x2, Zergling x2  
  111  10:24  Lurker  
  116  10:28  Ravager  
  116  10:32  Spore Crawler  
  116  10:34  Ravager  
  116  10:35  Spore Crawler  
Tags
 
Add a new tag
Caveats
  • Supply blocks, unpowered buildings, or Contaminate may cause inaccurate times.
  • Supply counts are checked every 10 seconds.